 Dungeon Crawl Stone Soup version 0.31-a0-971-g75a2e9a4b4 (webtiles) character file.

Game seed: 4363161027412879168

62 Firecrotchwizard the Magician (level 3, -3/19 HPs)
             Began as a Deep Elf Hedge Wizard on Oct 28, 2023.
             Slain by an orc
             ... wielding a +0 flail
              (8 damage)
             ... on level 3 of the Dungeon on Oct 29, 2023.
             The game lasted 00:07:10 (2002 turns).

Firecrotchwizard the Magician (DEHW)                Turns: 2002, Time: 00:07:11

Health: -3/19      AC:  2    Str:  7    XL:     3   Next: 85%
Magic:  8/11       EV: 12    Int: 20    God:
Gold:   100        SH:  0    Dex: 14    Spells: 6/12 levels left

rFire   . . .        f - +0 dagger (venom)
rCold   . . .        (no shield)
rNeg    . . .        b - +0 robe
rPois   .            c - +0 hat
rElec   .            (no cloak)
rCorr   .            (no gloves)
SInv    .            (no boots)
Will    .....        (no amulet)
Stlth   ++           (no ring)
HPRegen 0.23/turn    (no ring)
MPRegen 0.12/turn

%: no passive effects
@: no status effects
A: no striking features
a: no special abilities


You were on level 3 of the Dungeon.
You visited 1 branch of the dungeon, and saw 3 of its levels.

You collected 100 gold pieces.

Inventory:

Hand Weapons
 f - a +0 dagger of venom (weapon)
 s - a +0 dagger
Armour
 b - a +0 robe (worn)
 c - a +0 hat (worn)
Talismans
 a - a flux talisman
Scrolls
 h - a scroll of identify {unknown}
 j - a scroll of noise {unknown}
 k - 2 scrolls of blinking {unknown}
 m - a scroll of brand weapon {unknown}
Potions
 d - a potion of magic
 e - 3 potions of cancellation {unknown}
 g - 2 potions of enlightenment {unknown}
 i - 3 potions of berserk rage {unknown}
 l - a potion of attraction {unknown}
 n - a potion of heal wounds {unknown}


   Skills:
 - Level 2.4 Dodging
 - Level 2.4 Stealth
 + Level 5.4 Spellcasting
 + Level 2.2 Conjurations
 - Level 1.2 Summonings
 - Level 1.9 Translocations
 + Level 0.5 Air Magic
 + Level 0.8 Poison Magic


You had 6 spell levels left.
You knew the following spells:

 Your Spells              Type           Power      Damage    Failure   Level
a - Magic Dart            Conj           56%        1d5       4%          1
b - Blink                 Tloc           26%        N/A       8%          2
c - Mephitic Cloud        Conj/Pois/Air  10%        N/A       21%         3

Your spell library contained the following spells:

 Spells                   Type           Power      Damage    Failure   Level
 Call Imp                 Summ           20%        N/A       10%         2
 Slow                     Hex            20%        N/A       11%         1
 Cigotuvi's Dreadful Rot  Necr/Pois/Air  14%        N/A       14%         2
 Ensorcelled Hibernation  Hex/Ice        10%        N/A       17%         2
 Passwall                 Tmut/Erth      4%         N/A       17%         2
 Swiftness                Air            7%         N/A       26%         3


Dungeon Overview and Level Annotations

Branches:
Dungeon (3/15)

Altars:


Message History

The ball python is moderately wounded.
You feel sick. The ball python barely misses you. The ball python grabs you.
The ball python constricts you.
You hit the ball python.
The ball python is poisoned.
The ball python is severely wounded.
You feel sick.
You are no longer poisoned.
You kill the ball python!
You hit the ball python.
You kill the ball python!
Things that are here:
a ball python corpse; a ball python corpse
Things that are here:
a ball python corpse; a ball python corpse You start resting.
HP restored.
Things that are here:
a ball python corpse; a ball python corpse
There is an open door here.
There is an open door here.
There is an escape hatch in the ceiling here.
As you open the door, it creaks loudly!
No target in view!
No target in view!
There is an open door here.
You open the door.
There is an open door here.
Found a stone staircase leading down.
There is a stone staircase leading down here.
There is a stone staircase leading down here.
A bat comes into view.
Found a stone staircase leading down.
The helpless bat fails to defend itself.
You puncture the bat!
You kill the bat!
No target in view!
You now have 100 gold pieces (gained 6).
n - a glowing brown potion Done exploring.
There is a stone staircase leading down here.
You climb downwards.
You hear the sound of rushing water.
There is an entrance to a sewer on this level.
Hurry and find it before the portal rusts away!
Found 5 atropa-tipped darts and a dagger.
Found a stone staircase leading down.
There is a stone staircase leading up here.
The orc shouts!
The orc barely misses you.
You barely miss the orc.
A worm comes into view.
The orc hits you with a +0 flail!
You closely miss the orc. The orc hits you with a +0 flail.
* * * LOW HITPOINT WARNING * * *
Casting: Magic Dart (safe; 4% risk of failure)
Confirm with . or Enter, or press ? or * to list all spells.
Aiming: Magic Dart (safe; 4% risk of failure)
Press: ? - help, Shift-Dir - straight line, f - orc
Aim: an orc, wielding a +0 flail and wearing a +0 leather armour (100% to hit)
Okay, then.
Casting: Magic Dart (safe; 4% risk of failure)
Confirm with . or Enter, or press ? or * to list all spells.
Aiming: Magic Dart (safe; 4% risk of failure)
Press: ? - help, Shift-Dir - straight line, f - orc
Aim: an orc, wielding a +0 flail and wearing a +0 leather armour (100% to hit)
Okay, then.
Casting: Magic Dart (safe; 4% risk of failure)
Confirm with . or Enter, or press ? or * to list all spells.
Aiming: Magic Dart (safe; 4% risk of failure)
Press: ? - help, Shift-Dir - straight line
Okay, then.
You hear the sound of rushing water.
There is an entrance to a sewer on this level.
Hurry and find it before the portal rusts away!
Lua error: /dgldir/rcfiles/crawl-git/Firecrotchwizard.rc:334: '' expected near 'end' Welcome back, Firecrotchwizard the Deep Elf Hedge Wizard.
Press ? for a list of commands and other information.
Cast which spell? (? or * to list)
Aiming: Magic Dart (safe; 4% risk of failure)
Press: ? - help, Shift-Dir - straight line, f - orc
Aim: an orc, wielding a +0 flail and wearing a +0 leather armour (100% to hit)
The magic dart hits the orc.
The orc is lightly wounded.
The orc hits you with a +0 flail.
* * * LOW HITPOINT WARNING * * *
Casting: Magic Dart (safe; 4% risk of failure)
Confirm with . or Enter, or press ? or * to list all spells.
Aiming: Magic Dart (safe; 4% risk of failure)
Press: ? - help, Shift-Dir - straight line, f/p - orc
Aim: an orc, wielding a +0 flail and wearing a +0 leather armour (lightly wounded, 100% to hit)
The magic dart hits the orc.
The orc is moderately wounded.
The orc hits you but does no damage.
Casting: Magic Dart (safe; 4% risk of failure)
Confirm with . or Enter, or press ? or * to list all spells.
Aiming: Magic Dart (safe; 4% risk of failure)
Press: ? - help, Shift-Dir - straight line, f/p - orc
Aim: an orc, wielding a +0 flail and wearing a +0 leather armour (moderately wounded, 100% to hit)
The magic dart hits the orc.
The orc is severely wounded.
The orc hits you with a +0 flail!
You die...

## #... #..
... ...##.)
...#..###
......#
#..#.##
#>...####..
#.<@....w(.
##.#o..#...
#.........
##.#...#..
.#.### #
.#.# .. #
..


You could see a worm and an orc.

Vanquished Creatures
  An adder (D:2)
  A worm (D:2)
  A dart slug (D:1)
  4 bats
  An endoplasm (D:1)
  3 giant cockroaches (D:1)
  7 goblins
  2 hobgoblins
  2 jackals (D:2)
  2 kobolds
  10 ball pythons
  5 frilled lizards (D:1)
  5 rats
44 creatures vanquished.

Notes
Turn   | Place    | Note
-------+----------+-------------------------------------------
     0 | D:1      | Firecrotchwizard the Deep Elf Hedge Wizard began the quest
                  | for the Orb.
     0 | D:1      | Reached XP level 1. HP: 10/10 MP: 7/7
   257 | D:1      | Reached XP level 2. HP: 15/15 MP: 6/9
   431 | D:1      | Found a faded altar of an unknown god.
   559 | D:1      | Reached skill level 5 in Spellcasting
   725 | D:1      | Reached XP level 3. HP: 19/19 MP: 11/11
   763 | D:1      | Learned a level 2 spell: Blink
   767 | D:1      | Learned a level 3 spell: Mephitic Cloud
  2002 | D:3      | Slain by an orc

Illustrated notes

Levels and vault maps discovered:
D:1:      minmay_arrival_stair_chambers, layout_loops_cross,
          hellmonk_ecumenical_altar_zigzags
D:2:      layout_loops_corners, minmay_shallow_snake_nest
D:3:      layout_rooms, portal_sewer_entry_d

Skill      XL: |  1  2  3 |
---------------+----------+-----
Spellcasting   | 5 |  5.4
Conjurations   | 2 |  2.2
Dodging        | |  2.4
Stealth        | |  2.4
Summonings     | |  1.2
Translocations | |  1.9
Air Magic      | |  0.5
Poison Magic   | |  0.8

Action                     || total
---------------------------++-------
  Melee: Dagger            ||    79
         Punch             ||     1
   Cast: Magic Dart        ||    28
   Stab: Sleeping          ||     7
         Distracted        ||     1
 Armour: Robe              ||    42
  Dodge: Dodged            ||    33

Table legend: (Time is in decaauts)
 A = Elapsed time spent in this place.
 B = Non-inter-level travel time spent in this place.
 C = Inter-level travel time spent in this place.
 D = Time resting spent in this place.
 E = Time spent auto-exploring this place.
 F = Levels seen in this place.
 G = Mean time per level.
                   A        B        C        D        E       F      G
               +--------+--------+--------+--------+--------+-----+--------+
         Total |   2001 |   1956 |     45 |    289 |   1384 |   3 |  667.0 |
       Dungeon |   2001 |   1956 |     45 |    289 |   1384 |   3 |  667.0 |
               +--------+--------+--------+--------+--------+-----+--------+

Top non-repeatable levels by time:
     D:1: 1030 daAuts
     D:2: 964 daAuts
     D:3: 5 daAuts
